 Dungeon Crawl Stone Soup version 0.28-a0-10-g964c8b829e (webtiles) character file.

Game seed: 8824866956391447699

204 HAL9000 the Chucker (level 5, -2/26 HPs)
             Began as a Vine Stalker Brigand on July 25, 2021.
             Slain by an iguana (11 damage)
             ... on level 4 of the Dungeon.
             The game lasted 00:03:16 (2008 turns).

HAL9000 the Chucker (Vine Stalker Brigand)          Turns: 2008, Time: 00:03:16

Health: -2/26      AC:  3    Str: 14    XL:     5   Next: 82%
Magic:  0/6        EV: 11    Int: 11    God:
Gold:   125        SH:  0    Dex: 16    Spells: 4/4 levels left

rFire   . . .      SeeInvis .   a - +2 dagger
rCold   . . .      Faith    .   (no shield)
rNeg    . . .      Spirit   +   b - +0 robe
rPois   .          Reflect  .   (no helmet)
rElec   .          Harm     .   c - +0 cloak
rCorr   .          Rampage  .   (no gloves)
Will    .....                   (no boots)
Stlth   +++.......              (no amulet)
HPRegen 1.08/turn               (no ring)
MPRegen 0.10/turn               (no ring)

@: no status effects
A: fangs 2, regeneration 1, magic shield, antimagic bite, no potion heal 2
a: no special abilities


You were on level 4 of the Dungeon.
You visited 1 branch of the dungeon, and saw 4 of its levels.

You collected 125 gold pieces.

Inventory:

Hand Weapons
 a - a +2 dagger (weapon)
Missiles
 m - 2 boomerangs (quivered)
Armour
 b - a +0 robe (worn)
 c - a +0 cloak (worn)
Jewellery
 l - a +4 ring of protection
Scrolls
 f - 2 scrolls of amnesia {unknown}
 g - 3 scrolls of immolation {unknown}
 i - a scroll of blinking {unknown}
 n - a scroll of magic mapping {unknown}
 p - a scroll of identify {unknown}
Potions
 h - a potion of cancellation {unknown}
 j - 2 potions of might {unknown}
 k - 2 potions of invisibility {unknown}
 o - a potion of haste {unknown}
 q - a potion of degeneration {unknown}


   Skills:
 - Level 1.7 Fighting
 - Level 1.7 Short Blades
 + Level 5.3 Throwing
 - Level 0.7 Dodging
 - Level 4.8 Stealth


You had 4 spell levels left.
You didn't know any spells.
Your spell library contained the following spells:

 Spells                   Type           Power      Damage    Failure   Level
 Summon Small Mammal      Summ           0%         N/A       34%         1
 Call Canine Familiar     Summ           0%         N/A       71%         3
 Summon Guardian Golem    Hex/Summ       0%         N/A       71%         3
 Chain Lightning          Conj/Air       0%         N/A       100%        9
 Fire Storm               Conj/Fire      0%         5d1       100%        9


Dungeon Overview and Level Annotations

Branches:
Dungeon (3/15)

Altars:
Uskayaw

Shops:
D:1 (


Innate Abilities, Weirdness & Mutations

You have extremely sharp teeth.
Your natural rate of healing is unusually fast.
When hurt, damage is shared between your health and your magic reserves.
Your bite disrupts and absorbs the magic of your enemies.
Potions cannot restore your health.


Message History

The ogre shouts!
You throw a poisoned dart. The poisoned dart hits the ogre.
The ogre looks even sicker.
You throw a curare-tipped dart.
The curare-tipped dart barely misses the ogre.
You throw a curare-tipped dart. The curare-tipped dart hits the ogre.
The ogre looks as sick as possible!
The ogre convulses.
The ogre seems to slow down.
The ogre is heavily wounded.
A dart slug comes into view.
You throw a boomerang. The boomerang barely misses the ogre.
An iguana comes into view.
You throw a boomerang. The iguana hisses angrily.
The boomerang hits the ogre.
The ogre is severely wounded.
You throw a boomerang. The boomerang hits the ogre.
The ogre is almost dead.
You kill the ogre!
Your Throwing skill increases to level 5!
You throw a boomerang. The boomerang barely misses the iguana.
You throw a boomerang.
The boomerang hits the iguana but does no damage.
You throw a boomerang. The boomerang barely misses the iguana.
You throw a boomerang.
The boomerang hits the iguana but does no damage.
You throw a boomerang. The boomerang hits the iguana!
The iguana is severely wounded.
The iguana bites you!
You hit the iguana but do no damage. Your bite misses the iguana.
The iguana is severely wounded.
The iguana closely misses you.
You hit the iguana.
The iguana is severely wounded.
The iguana bites you!
You are too injured to fight recklessly!
You hit the iguana. Your bite misses the iguana.
The iguana is almost dead.
The dart slug completely misses you. The iguana bites you!
You die...

............'.....#
............#.....#
..).##......##....#
....##......##....#
....#.......##...##
#...##......##...##
######......#.....#
.......#.....#
#>......#...@.#
#..wl.# ##...##
#..)# #.... ..(..
...... ...(....


You could see an iguana and a dart slug.

Vanquished Creatures
  An ogre (D:4)
  4 gnolls (D:3)
  3 adders
  A worm (D:2)
  An orc (D:4)
  5 bats
  5 endoplasms
  3 giant cockroaches
  3 goblins
  3 hobgoblins
  6 jackals
  A quokka (D:4)
  3 ball pythons
  2 frilled lizards (D:2)
  5 kobolds
  6 rats
52 creatures vanquished.

Notes
Turn   | Place    | Note
-------+----------+-------------------------------------------
     0 | D:1      | HAL9000 the Vine Stalker Brigand began the quest for the
                  | Orb.
     0 | D:1      | Reached XP level 1. HP: 11/11 MP: 2/2
    79 | D:1      | Reached skill level 2 in Throwing
   171 | D:1      | Found a faded altar of an unknown god.
   240 | D:1      | Reached XP level 2. HP: 12/15 MP: 3/3
   557 | D:1      | Found Amusoh's Antique Weapon Emporium.
   877 | D:2      | Reached skill level 3 in Throwing
  1140 | D:2      | Reached XP level 3. HP: 18/18 MP: 4/4
  1492 | D:3      | Found a hide-covered altar of Uskayaw.
  1610 | D:3      | Gained mutation: Your natural rate of healing is unusually
                  | fast. [Vine Stalker growth]
  1610 | D:3      | Reached XP level 4. HP: 13/23 MP: 5/5
  1781 | D:3      | Reached skill level 4 in Throwing
  1912 | D:3      | You fall into a shaft and drop 1 floor!
  1914 | D:4      | Reached XP level 5. HP: 14/26 MP: 1/6
  1993 | D:4      | Noticed an ogre
  2000 | D:4      | Killed an ogre
  2001 | D:4      | Reached skill level 5 in Throwing
  2008 | D:4      | Slain by an iguana

Illustrated notes

Levels and vault maps discovered:
D:1:      wheals_arrival_shading, layout_loops_ring,
          hellmonk_ecumenical_altar_arch_garden, serial_forest,
          infiniplex_forest_zigzag_2, infiniplex_forest_straight_2,
          infiniplex_forest_zigzag_2, infiniplex_forest_clump_curved,
          infiniplex_forest_lined_corner, infiniplex_forest_lined_ring,
          infiniplex_forest_lined_ring, infiniplex_forest_zigzag_1,
          serial_shops, shop
D:2:      layout_loops_ring
D:3:      layout_rooms, nicolae_gozag_cash_rules_everything_around_me,
          mainiacjoe_overflow_concentric_impassable
D:4:      layout_gridville, nicolae_kikubaaqudgha_miasma_corner

Skill      XL: |  1  2  3  4  5 |
---------------+----------------+-----
Throwing       | 2 3 4 5 |  5.3
Fighting       | |  1.7
Short Blades   | |  1.7
Dodging        | |  0.7
Stealth        | |  4.8

Action                   |  1- 3 |  4- 6 || total
-------------------------+-------+-------++-------
Melee: Dagger            |    69 |    42 ||   111
       Bite              |    16 |    13 ||    29
Throw: Dart              |    17 |    16 ||    33
       Boomerang         |       |     9 ||     9
 Stab: Sleeping          |     8 |     2 ||    10
Armor: Robe              |    14 |     2 ||    16
Dodge: Dodged            |    37 |    27 ||    64

Table legend: (Time is in decaauts)
 A = Elapsed time spent in this place.
 B = Non-inter-level travel time spent in this place.
 C = Inter-level travel time spent in this place.
 D = Time resting spent in this place.
 E = Time spent auto-exploring this place.
 F = Levels seen in this place.
 G = Mean time per level.
                   A        B        C        D        E       F      G
               +--------+--------+--------+--------+--------+-----+--------+
         Total |   1992 |   1949 |     43 |    119 |   1442 |   4 |  498.0 |
       Dungeon |   1992 |   1949 |     43 |    119 |   1442 |   4 |  498.0 |
               +--------+--------+--------+--------+--------+-----+--------+

Top non-repeatable levels by time:
     D:1: 765 daAuts
     D:2: 708 daAuts
     D:3: 424 daAuts
     D:4: 93 daAuts
